 Dungeon Crawl Stone Soup version 0.30-a0-964-gd452b5e7fa (webtiles) character file.

Game seed: 16486378094038511438

515 vishdafish the Conjurer (level 7, 44/46 HPs)
             Began as a Demonspawn Conjurer on Mar 31, 2023.
             Quit the game on level 4 of the Dungeon.
             The game lasted 00:07:17 (6005 turns).

vishdafish the Conjurer (Demonspawn Conjurer)       Turns: 6005, Time: 00:07:17

Health: 44/46      AC:  4    Str:  8    XL:     7   Next: 0%
Magic:  0/14       EV: 12    Int: 21    God:
Gold:   226        SH:  4    Dex: 11    Spells: 11/16 levels left

rFire   . . .      SeeInvis .    o - staff of conjuration
rCold   . . .      Faith    .    (no shield)
rNeg    . . .      Spirit   .    a - +0 robe
rPois   .          Reflect  .    l - +0 helmet
rElec   .          Rampage  .    (no cloak)
rCorr   .                        (no gloves)
Will    .....                    d - +0 pair of boots
Stlth   ++                       (no amulet)
HPRegen 0.27/turn                (no ring)
MPRegen 0.14/turn                (no ring)

@: no status effects
A: large bone plates 1, demonic magic 1, weakness stinger 1
a: no special abilities


You were on level 4 of the Dungeon.
You visited 1 branch of the dungeon, and saw 4 of its levels.
You also visited: Ossuary.

You collected 226 gold pieces.

Inventory:

Hand Weapons
 k - a +0 short sword
 n - a +2 whip of electrocution
Armour
 a - a +0 robe (worn)
 d - a +0 pair of boots (worn)
 l - a +0 helmet (worn)
Magical Staves
 o - a staff of conjuration (weapon)
Jewellery
 r - an amulet of guardian spirit
Wands
 u - a wand of flame (16)
Scrolls
 b - a scroll of fog {unknown}
 c - 3 scrolls of identify {unknown}
 e - a scroll of torment {unknown}
 i - 3 scrolls of noise {unknown}
 j - a scroll of amnesia {unknown}
 m - a scroll of silence {unknown}
 q - 3 scrolls of enchant weapon {unknown}
 s - 2 scrolls of poison {unknown}
 v - 2 scrolls of enchant armour {unknown}
 w - 2 scrolls of immolation {unknown}
 x - a scroll of blinking {unknown}
Potions
 f - a potion of brilliance {unknown}
 g - a potion of heal wounds {unknown}
 h - 3 potions of lignification {unknown}
 p - a potion of attraction {unknown}
 t - a potion of magic


   Skills:
 - Level 1.7 Dodging
 - Level 1.7 Stealth
 + Level 5.1 Spellcasting
 + Level 6.6 Conjurations


You had 11 spell levels left.
You knew the following spells:

 Your Spells              Type           Power      Damage    Failure   Level
a - Magic Dart            Conj           100%       1d8       1%          1
b - Fulminant Prism       Conj/Hex       14%        3d8       26%         4

Your spell library contained the following spells:

 Spells                   Type           Power      Damage    Failure   Level
 Searing Ray              Conj           98%        2d8       1%          2
 Shock                    Conj/Air       100%       1d9       2%          1
 Dazzling Flash           Conj/Hex       56%        N/A       9%          3
 Apportation              Tloc           10%        N/A       11%         1
 Summon Small Mammal      Summ           20%        N/A       11%         1
 Iskenderun's Mystic Bla  Conj/Tloc      28%        2d7       26%         4
 Call Canine Familiar     Summ           5%         N/A       32%         3
 Summon Guardian Golem    Hex/Summ       5%         N/A       32%         3
 Swiftness                Air            5%         N/A       32%         3
 Airstrike                Air            2%         2d(1-17)  71%         4
 Alistair's Intoxication  Tmut/Pois      3%         N/A       96%         5


Dungeon Overview and Level Annotations

Branches:
Dungeon (4/15)            Ossuary (visited)
 Temple: D:4-7

Altars:
Makhleb
Wu Jian
Yredelemnul


Innate Abilities, Weirdness & Mutations

You are partially covered in large bone plates. (SH +4)
Spells you cast may paralyse adjacent enemies.
You have a small tail.


Message History

You feel a surge of power!
The magic dart hits the orc priest.
You kill the orc priest!
The orc shouts!
You hear a shout!
You feel a surge of power!
The magic dart hits the orc.
You kill the orc!
You feel a surge of power!
You miscast Magic Dart.
You are very lightly contaminated with residual magic.
Nothing appears to happen.
The orc throws a boomerang.
The boomerang hits you.
You feel a surge of power!
The magic dart hits the orc but does no damage.
The orc throws a boomerang.
The boomerang barely misses you.
You feel a surge of power!
The magic dart hits the orc.
The orc is severely wounded.
The orc throws a boomerang.
The boomerang hits you but does no damage.
You feel a surge of power!
The magic dart hits the orc but does no damage.
The orc is severely wounded.
A ball python comes into view.
You feel a surge of power!
The magic dart hits the ball python.
The ball python is severely wounded.
You feel a surge of power!
The magic dart hits the orc.
You kill the orc!
You have reached level 7!
Your demonic ancestry asserts itself...
A menacing aura infuses your magic.
You feel a surge of power!
The magic dart hits the ball python.
You kill the ball python!
Malevolent energies surge around you.
An orc comes into view. It is wielding a +0 club.
Your magical contamination has completely faded away.
You feel a surge of power!
The magic dart hits the orc.
The orc is heavily wounded.
The orc shouts!
Malevolent energies surge around you.
You are out of magic!
You are out of magic!
You are out of magic!
You aren't wearing any rings or amulets.
Are you sure you want to abandon this character and quit the game? (Confirm with "yes".)

#.# #.. ## #..
..###############.#
#.#................
#.#.#############†.
. #.#.# #..........
....##.#.#
#^#........
.o..†).@.#
#.#.#...#..
....)#.###
#.#.#...#.. ..) #.
#.#.#...#.. . #.
#.#.#...#.# #.
##.#.#.#...#.# ..
............... ##
.#..#.#.#...#.# <.
#.#.#)..#.# #
#.#...#.#


You could see an orc.

Vanquished Creatures
  An ogre (D:4)
  A hound (D:4)
  An orc priest (D:4)
  3 iron imps (D:3)
  A mummy (Ossuary)
  4 gnolls (D:2)
  6 adders
  An ufetubus (D:4)
  2 worms
  4 dart slugs
  18 orcs
  5 spectral bats (Ossuary)
  7 endoplasms
  8 giant cockroaches
  12 gnoll zombies (Ossuary)
  12 goblins
  5 hobgoblins
  8 kobolds
  A quokka (D:1)
  5 ball pythons
  10 bats
  2 bat simulacra (Ossuary)
  3 frilled lizards
  5 goblin simulacra (Ossuary)
  3 goblin zombies (Ossuary)
  A hobgoblin zombie (Ossuary)
  4 kobold simulacra (Ossuary)
  7 kobold zombies (Ossuary)
  7 orc zombies (Ossuary)
  8 rats
  A rat simulacrum (Ossuary)
  4 spectral goblins (Ossuary)
  3 spectral kobolds (Ossuary)
163 creatures vanquished.

Notes
Turn   | Place    | Note
-------+----------+-------------------------------------------
     0 | D:1      | vishdafish the Demonspawn Conjurer began the quest for the
                  | Orb.
     0 | D:1      | Reached XP level 1. HP: 13/13 MP: 3/3
   199 | D:1      | Gained mutation: You have a small tail. [demonic ancestry]
   199 | D:1      | Reached XP level 2. HP: 17/19 MP: 0/5
   812 | D:1      | Reached XP level 3. HP: 24/24 MP: 4/7
  1606 | D:2      | Reached XP level 4. HP: 9/30 MP: 6/8
  1874 | D:2      | Reached skill level 5 in Conjurations
  2232 | D:2      | Found a faded altar of an unknown god.
  2829 | D:3      | Reached XP level 5. HP: 34/35 MP: 10/10
  3746 | D:3      | Found a burning altar of Makhleb.
  3967 | D:3      | Gained mutation: You are partially covered in large bone
                  | plates. (SH +4) [demonic ancestry]
  3967 | D:3      | Reached XP level 6. HP: 41/41 MP: 9/12
  4156 | D:3      | Found a basalt altar of Yredelemnul.
  4234 | D:4      | Reached skill level 6 in Conjurations
  4393 | D:4      | Learned a level 4 spell: Fulminant Prism
  4673 | D:4      | Found a sand-covered staircase.
  4673 | D:4      | Found an ornate altar of the Wu Jian Council.
  4679 | Ossuary  | Entered an ossuary
  5458 | Ossuary  | Reached skill level 5 in Spellcasting
  6003 | D:4      | Gained mutation: Spells you cast may paralyse adjacent
                  | enemies. [demonic ancestry]
  6003 | D:4      | Reached XP level 7. HP: 43/46 MP: 2/14
  6005 | D:4      | Quit the game

Illustrated notes

Levels and vault maps discovered:
D:1:      onia_arrival_handbag, layout_basic, minmay_misc_feat_enclosed,
          minivault_27, kennysheep_another_room, minivault_27
D:2:      kennysheep_the_goblin_king, layout_loops_cross,
          shapermc_ecumenical_altar_flowoftime
D:3:      layout_rooms, demons_altar, general_overflow_altar, grunt_ministairs_8
D:4:      layout_basic, mainiacjoe_overflow_small_starburst,
          lightli_ossuary_entry_decrepit_ruins

Skill      XL: |  1  2  3  4  5  6 |
---------------+-------------------+-----
Spellcasting   | 3 4 5 |  5.1
Conjurations   | 5 6 |  6.6
Dodging        | |  1.7
Stealth        | |  1.7

Action                     |  1- 3 |  4- 6 |  7- 9 || total
---------------------------+-------+-------+-------++-------
  Melee: Unarmed           |   100 |       |       ||   100
         Tailslap          |     6 |    34 |       ||    40
         Short sword       |     4 |    15 |       ||    19
         Staff             |       |   174 |       ||   174
         Punch             |       |     1 |       ||     1
   Cast: Magic Dart        |    76 |   251 |     2 ||   329
    Use: Potion            |     1 |       |       ||     1
   Stab: Sleeping          |     1 |     1 |       ||     2
 Armour: Robe              |    46 |    71 |       ||   117
  Dodge: Dodged            |   102 |   146 |       ||   248
  Block: Other             |       |    33 |       ||    33

Table legend: (Time is in decaauts)
 A = Elapsed time spent in this place.
 B = Non-inter-level travel time spent in this place.
 C = Inter-level travel time spent in this place.
 D = Time resting spent in this place.
 E = Time spent auto-exploring this place.
 F = Levels seen in this place.
 G = Mean time per level.
                   A        B        C        D        E       F      G
               +--------+--------+--------+--------+--------+-----+--------+
         Total |   6038 |   5900 |    138 |      0 |   4738 |   5 | 1207.6 |
       Dungeon |   5011 |   4873 |    138 |      0 |   4032 |   4 | 1252.8 |
       Ossuary |   1026 |   1026 |      0 |      0 |    706 |   1 | 1026.0 |
               +--------+--------+--------+--------+--------+-----+--------+

Top non-repeatable levels by time:
     D:3: 1550 daAuts
     D:2: 1467 daAuts
     D:1: 1214 daAuts
 Ossuary: 1026 daAuts
     D:4: 780 daAuts
